Bruins vs BlackHawks

Created - March 28, 2015 at 11:09

Goals
1 2 3 OT1 T
Bruins 0 1 1 0 2
BlackHawks 1 1 0 1 3
Shots
1 2 3 OT1 T
Bruins 2 6 7 1 16
BlackHawks 16 12 6 2 36

1st period

1. BlackHawks , Trevor Lewis 7 (David Clarkson, Deryk Engelland) at 17:44

Penalties :
Matt Bartkowski (BOS) for Tripping (Minor) at 3:30, Matt Bartkowski (BOS) for Roughing (Minor) at 9:47, Matt Bartkowski (BOS) for Cross-checking (Minor) at 15:29, Jakub Voracek (BOS) for Interference (Minor) at 19:34

2nd period

2. Bruins , Ryan Spooner 6 (Dougie Hamilton, Drew Doughty) at 8:54
3. BlackHawks , Luke Schenn 10 (Martin Hanzal, Kevin Bieksa) at 10:42

Penalties :
Tyler Myers (BOS) for Tripping (Minor) at 1:42, Carl Soderberg (BOS) for Slashing (Minor) at 4:01, Dion Phaneuf (CHI) for Elbowing (Minor) at 6:45

3rd period

4. Bruins , Carl Soderberg 16 (Drew Doughty, Patrice Bergeron) at 0:26

Penalties :
Drew Doughty (BOS) for Hooking (Minor) at 1:41, Deryk Engelland (CHI) for Roughing (Minor) at 5:35, Eddie Lack (CHI) for Unsportsmanlike conduct (Major / Game Misconduct) at 14:59 - Deryk Engelland served the penalty.

Overtime #1

5. BlackHawks , Alex Galchenyuk 28 (Jarred Tinordi, Chris Stewart) at 3:36

Penalties :
No Penalty

Goalie Stats

Michael Hutchinson (BOS), 33 saves from 36 shots - (0.917), OTL, 3-1-2, 63:37 minutes
Eddie Lack (CHI), 12 saves from 14 shots - (0.857), 54:59 minutes
Cam Ward (CHI), 2 saves from 2 shots - (1.000), W, 9-23-2, 8:38 minutes

Players Stats for Bruins

Player Name              G  A  P  +/- PIM S  H  SB GA TA FO     MP     PP MP  PK MP  
------------------------------------------------------------------------------------
Andrew Ladd              0  0  0  -1  0   0  4  2  0  0  2/4    21:37   4:08   4:40 
Brad Marchand            0  0  0   0  0   1  4  0  0  0  1/3     9:57   3:41   0:00 
Carl Soderberg           1  0  1   0  2   1  0  0  0  0  2/6    22:04   3:41   4:03 
David Krejci             0  0  0  -1  0   0  0  0  0  0  2/5    14:03   0:34   0:40 
Dougie Hamilton          0  1  1   0  0   2  3  1  0  0  0/0    25:40   3:35   6:28 
Drew Doughty             0  2  2   1  2   1  12 2  0  0  0/0    27:12   4:05   6:28 
Jakub Voracek            0  0  0   0  2   4  0  0  0  0  1/2    13:33   4:42   0:00 
John Carlson             0  0  0  -2  0   1  0  0  0  0  0/0    27:06   4:15   7:25 
Matt Bartkowski          0  0  0   0  6   1  2  1  0  0  0/0    11:26   1:56   0:22 
Matt Moulson             0  0  0   0  0   1  0  1  0  0  0/0    11:32   0:00   0:00 
Patrice Bergeron         0  1  1   1  0   1  1  1  0  0  17/38  17:51   0:00   9:13 
Reilly Smith             0  0  0  -1  0   1  0  0  0  0  0/1    13:57   1:08   0:00 
Ryan Callahan            0  0  0   0  0   0  1  0  0  0  0/1    12:06   0:34   0:00 
Ryan Spooner             1  0  1   0  0   1  0  1  0  0  4/10   11:32   0:00   0:00 
Ryan Strome              0  0  0   0  0   0  0  0  0  0  1/6    10:11   4:42   0:00 
Torey Krug               0  0  0   0  0   1  1  1  0  0  0/0    22:19   4:03   7:00 
Tyler Myers              0  0  0  -1  2   0  1  2  0  0  0/0    13:23   0:00   0:00 
Zach Parise              0  0  0   0  0   0  2  1  0  0  1/3    14:59   3:41   9:13 

Players Stats for BlackHawks

Player Name              G  A  P  +/- PIM S  H  SB GA TA FO     MP     PP MP  PK MP  
------------------------------------------------------------------------------------
Alex Galchenyuk          1  0  1   1  0   2  1  1  0  0  0/1    22:41   7:14   1:55 
Brandon Bollig           0  0  0   0  0   3  1  0  0  0  0/0    18:00   6:39   3:42 
Chris Stewart            0  1  1   1  0   1  1  1  0  0  1/4    20:46   7:14   0:00 
David Clarkson           0  1  1   1  0   0  1  0  0  0  1/1     6:49   0:00   0:00 
Deryk Engelland          0  1  1   0  2   1  0  0  0  0  0/0    12:00   0:00   0:49 
Dion Phaneuf             0  0  0  -1  2   3  2  1  0  0  0/0    26:13   7:16   3:16 
Douglas Murray           0  0  0   1  0   2  3  1  0  0  0/0    21:50   6:37   2:22 
Dwight King              0  0  0  -1  0   0  1  0  0  0  1/1    14:52   0:00   4:02 
Jarred Tinordi           0  1  1   0  0   1  1  0  0  0  0/0    18:44   0:00   2:52 
Kevin Bieksa             0  1  1   1  0   7  2  1  0  0  0/0    24:02   7:16   4:10 
Lars Eller               0  0  0  -1  0   0  1  0  0  0  16/21  19:52   6:39   0:26 
Luke Schenn              1  0  1   1  0   3  1  0  0  0  0/0    23:59   6:37   4:01 
Martin Hanzal            0  1  1   0  0   3  7  0  0  0  15/27  19:06   7:14   0:00 
Mike Richards            0  0  0  -1  0   3  0  0  0  0  2/4    23:20   6:39   3:54 
Nathan Horton            0  0  0   0  0   2  0  0  0  0  0/1     7:39   0:00   0:00 
Patrick Bordeleau        0  0  0   1  0   2  1  0  0  0  0/0     6:49   0:00   0:00 
Trevor Lewis             1  0  1   1  0   3  0  0  0  0  8/11   11:08   0:00   4:19 
Zack Smith               0  0  0   0  0   0  0  0  0  0  4/8     7:39   0:00   0:00 

3 Stars

1 - Drew Doughty (BOS)
2 - Alex Galchenyuk (CHI)
3 - Luke Schenn (CHI)

Power Play

Bruins - 0 on 3 Attempt(s) - 0.00%
BlackHawks - 0 on 7 Attempt(s) - 0.00%

Penalty Kill

Bruins - 7 on 7 Attempt(s) - 100.00% - Score 0 goal in Penalty Kill
BlackHawks - 3 on 3 Attempt(s) - 100.00% - Score 0 goal in Penalty Kill

Team Stat

Bruins - Hits : 31 - Faceoff Wins : 31 - Blocked Shots : 13 - Penalty Minutes : 14
BlackHawks - Hits : 23 - Faceoff Wins : 48 - Blocked Shots : 5 - Penalty Minutes : 4

Official

Referees : Paul Devorski and Dennis LaRue
Linesman : Jonny Murray and Jay Sharrers

Game Notes

Eddie Lack ejected from game at 14:59 of 3rd period
Cam Ward enters game at 14:59 of 3rd period

Finance

Level 1 -- Attendance: 3301 (50.78%) -- Ticket Income $495,150
Level 2 -- Attendance: 2505 (50.10%) -- Ticket Income $300,600
Level 3 -- Attendance: 2075 (59.29%) -- Ticket Income $166,000
Level 4 -- Attendance: 1855 (41.22%) -- Ticket Income $92,750
Luxury Box -- Attendance: 621 (62.10%) -- Ticket Income $170,775
Game was played at the United Center'
Total Attendance: 10357 (50.52%)
Total Ticket Income: $1,225,275
Other Income: $183,791
Total Income: $1,409,066

% Time on Ice - Bruins

Lines # - Real PCT - Wanted PCT - Time Play
Normal Forward
1 - 23% - 40% - 8:38
2 - 34% - 30% - 12:49
3 - 11% - 20% - 4:11
4 - 31% - 10% - 11:32
Normal Defense
1 - 38% - 40% - 14:05
2 - 36% - 30% - 13:24
3 - 25% - 20% - 9:11
4 - 1% - 10% - 0:30
PP Forward
1 - 53% - 60% - 4:42
2 - 47% - 40% - 4:15
PP Defense
1 - 47% - 60% - 4:15
2 - 53% - 40% - 4:42
PK Forward
1 - 66% - 60% - 9:13
2 - 34% - 40% - 4:40
PK Defense
1 - 60% - 60% - 8:21
2 - 40% - 40% - 5:32
PK3 Forward
1 - 0% - 60%
2 - 0% - 40%
PK3 Defense
1 - 0% - 60%
2 - 0% - 40%
44 Forward
1 - 64% - 60% - 2:19
2 - 36% - 40% - 1:18
44 Defense
1 - 58% - 60% - 2:05
2 - 42% - 40% - 1:32
Last Minute Offensive  - 0:00
Last Minute Defensive  - 0:00
Total
Forward - 63:37
Defense - 63:37

% Time on Ice - BlackHawks

Lines # - Real PCT - Wanted PCT - Time Play
Normal Forward
1 - 32% - 32% - 11:52
2 - 29% - 28% - 10:50
3 - 21% - 20% - 7:39
4 - 18% - 20% - 6:49
Normal Defense
1 - 35% - 37% - 12:56
2 - 32% - 32% - 12:01
3 - 30% - 31% - 11:11
4 - 3% - 0% - 1:02
PP Forward
1 - 52% - 55% - 7:14
2 - 48% - 45% - 6:39
PP Defense
1 - 52% - 60% - 7:16
2 - 48% - 40% - 6:37
PK Forward
1 - 56% - 55% - 5:03
2 - 44% - 45% - 3:54
PK Defense
1 - 20% - 55% - 1:48
2 - 80% - 45% - 7:09
PK3 Forward
1 - 0% - 50%
2 - 0% - 50%
PK3 Defense
1 - 0% - 55%
2 - 0% - 45%
44 Forward
1 - 54% - 55% - 1:57
2 - 46% - 45% - 1:40
44 Defense
1 - 54% - 55% - 1:57
2 - 46% - 45% - 1:40
Last Minute Offensive  - 0:00
Last Minute Defensive  - 0:00
Total
Forward - 63:37
Defense - 63:37

Play by Play

1st period


0:01 of 1st period - Jakub Voracek wins face-off versus Martin Hanzal in neutral zone.
0:13 of 1st period - Shot by Martin Hanzal.
0:13 of 1st period - Shot Misses the Net.
0:19 of 1st period - Shot by Alex Galchenyuk.
0:19 of 1st period - Deflect By Martin Hanzal.
0:19 of 1st period - Shot Blocked by Drew Doughty.
0:21 of 1st period - Shot by Dion Phaneuf.
0:21 of 1st period - Shot Hit the Post.
0:36 of 1st period - Shot by Martin Hanzal.
0:36 of 1st period - Shot Blocked by Patrice Bergeron.
1:57 of 1st period - Icing by Matt Bartkowski.
1:58 of 1st period - Ryan Spooner wins face-off versus Zack Smith in Bruins zone.
2:05 of 1st period - Shot by Nathan Horton.
2:05 of 1st period - Stopped by Michael Hutchinson without a rebound.
2:06 of 1st period - Carl Soderberg wins face-off versus Trevor Lewis in Bruins zone.
2:16 of 1st period - David Clarkson is hit by Drew Doughty.
2:27 of 1st period - Trevor Lewis is hit by Brad Marchand and loses puck.
2:53 of 1st period - Deryk Engelland is hit by Drew Doughty and loses puck.
3:30 of 1st period - Minor Penalty to Matt Bartkowski for Tripping.
3:31 of 1st period - Martin Hanzal wins face-off versus Patrice Bergeron in Bruins zone.
3:50 of 1st period - Shot by Dion Phaneuf.
3:50 of 1st period - Stopped by Michael Hutchinson with a rebound.
3:57 of 1st period - Icing by Kevin Bieksa.
3:58 of 1st period - Patrice Bergeron wins face-off versus Alex Galchenyuk in BlackHawks zone.
3:58 of 1st period - Zach Parise is hit by Dion Phaneuf and loses puck.
4:56 of 1st period - Shot by Luke Schenn.
4:56 of 1st period - Shot Misses the Net.
4:58 of 1st period - Shot by Lars Eller.
4:58 of 1st period - Shot Misses the Net.
5:00 of 1st period - Shot by Douglas Murray.
5:00 of 1st period - Shot Blocked by Andrew Ladd.
5:02 of 1st period - Shot by Brandon Bollig.
5:02 of 1st period - Stopped by Michael Hutchinson without a rebound.
5:03 of 1st period - Lars Eller wins face-off versus Patrice Bergeron in Bruins zone.
5:04 of 1st period - Shot by Kevin Bieksa.
5:04 of 1st period - Stopped by Michael Hutchinson without a rebound.
5:05 of 1st period - Patrice Bergeron wins face-off versus Chris Stewart in Bruins zone.
5:11 of 1st period - Icing by Martin Hanzal.
5:12 of 1st period - Martin Hanzal wins face-off versus Patrice Bergeron in BlackHawks zone.
5:31 of 1st period - Shot by Chris Stewart.
5:31 of 1st period - Shot Misses the Net.
5:53 of 1st period - Shot by Dwight King.
5:53 of 1st period - Shot Misses the Net.
5:55 of 1st period - Shot by Jarred Tinordi.
5:55 of 1st period - Shot Misses the Net.
5:57 of 1st period - Shot by Dion Phaneuf.
5:57 of 1st period - Shot Hit the Post.
5:59 of 1st period - Shot by Mike Richards.
5:59 of 1st period - Stopped by Michael Hutchinson without a rebound.
6:00 of 1st period - Patrice Bergeron wins face-off versus Nathan Horton in Bruins zone.
6:00 of 1st period - Patrice Bergeron is hit by Brandon Bollig.
6:34 of 1st period - Shot by Carl Soderberg.
6:34 of 1st period - Shot Misses the Net.
6:36 of 1st period - Shot by Carl Soderberg.
6:36 of 1st period - Deflect By Patrice Bergeron.
6:36 of 1st period - Shot Misses the Net.
7:17 of 1st period - Lars Eller is hit by Drew Doughty and loses puck.
7:25 of 1st period - Dwight King is hit by Drew Doughty and loses puck.
7:41 of 1st period - Dwight King is hit by Dougie Hamilton and loses puck.
7:58 of 1st period - Shot by Chris Stewart.
7:58 of 1st period - Stopped by Michael Hutchinson without a rebound.
7:59 of 1st period - Ryan Spooner wins face-off versus Trevor Lewis in Bruins zone.
8:06 of 1st period - John Carlson is hit by David Clarkson and loses puck.
9:46 of 1st period - Mike Richards is hit by Matt Bartkowski and loses puck.
9:47 of 1st period - Minor Penalty to Matt Bartkowski for Roughing.
9:48 of 1st period - Lars Eller wins face-off versus Patrice Bergeron in Bruins zone.
10:37 of 1st period - Icing by Douglas Murray.
10:38 of 1st period - Martin Hanzal wins face-off versus Patrice Bergeron in BlackHawks zone.
10:43 of 1st period - Shot by Alex Galchenyuk.
10:43 of 1st period - Stopped by Michael Hutchinson without a rebound.
10:44 of 1st period - Martin Hanzal wins face-off versus Patrice Bergeron in Bruins zone.
11:56 of 1st period - Shot by Patrick Bordeleau.
11:56 of 1st period - Stopped by Michael Hutchinson without a rebound.
11:57 of 1st period - Mike Richards wins face-off versus Carl Soderberg in Bruins zone.
12:22 of 1st period - Shot by Dwight King.
12:22 of 1st period - Deflect By Lars Eller.
12:22 of 1st period - Shot Misses the Net.
12:29 of 1st period - Mike Richards is hit by Dougie Hamilton and loses puck.
12:36 of 1st period - Shot by Mike Richards.
12:36 of 1st period - Shot Misses the Net.
13:21 of 1st period - Shot by Reilly Smith.
13:21 of 1st period - Stopped by Eddie Lack without a rebound.
13:22 of 1st period - Martin Hanzal wins face-off versus Ryan Spooner in BlackHawks zone.
13:22 of 1st period - Martin Hanzal is hit by Ryan Callahan.
13:31 of 1st period - Off-side.
13:32 of 1st period - Trevor Lewis wins face-off versus Ryan Callahan in neutral zone.
13:53 of 1st period - John Carlson is hit by Patrick Bordeleau and loses puck.
13:58 of 1st period - Shot by Kevin Bieksa.
13:58 of 1st period - Shot Misses the Net.
14:37 of 1st period - Icing by Douglas Murray.
14:38 of 1st period - Patrice Bergeron wins face-off versus Martin Hanzal in BlackHawks zone.
15:01 of 1st period - Shot by Jakub Voracek.
15:01 of 1st period - Stopped by Eddie Lack without a rebound.
15:02 of 1st period - Dwight King wins face-off versus Reilly Smith in BlackHawks zone.
15:02 of 1st period - Dwight King is hit by Andrew Ladd.
15:18 of 1st period - Shot by Mike Richards.
15:18 of 1st period - Stopped by Michael Hutchinson with a rebound.
15:21 of 1st period - Dwight King is hit by Matt Bartkowski and loses puck.
15:29 of 1st period - Minor Penalty to Matt Bartkowski for Cross-checking.
15:30 of 1st period - Patrice Bergeron wins face-off versus Martin Hanzal in Bruins zone.
15:59 of 1st period - Icing by Kevin Bieksa.
16:00 of 1st period - Martin Hanzal wins face-off versus Patrice Bergeron in BlackHawks zone.
16:09 of 1st period - Shot by Kevin Bieksa.
16:09 of 1st period - Deflect By Alex Galchenyuk.
16:09 of 1st period - Shot Blocked by Zach Parise.
16:11 of 1st period - Shot by Dion Phaneuf.
16:11 of 1st period - Shot Misses the Net.
16:13 of 1st period - Shot by Kevin Bieksa.
16:13 of 1st period - Shot Misses the Net.
16:15 of 1st period - Shot by Kevin Bieksa.
16:15 of 1st period - Stopped by Michael Hutchinson without a rebound.
16:16 of 1st period - Lars Eller wins face-off versus Andrew Ladd in Bruins zone.
16:50 of 1st period - Shot by Luke Schenn.
16:50 of 1st period - Stopped by Michael Hutchinson without a rebound.
16:51 of 1st period - Martin Hanzal wins face-off versus Carl Soderberg in Bruins zone.
17:44 of 1st period - Shot by David Clarkson.
17:44 of 1st period - Deflect By Trevor Lewis.
17:44 of 1st period - Goal by Trevor Lewis - Bruins : 0 - BlackHawks : 1.
17:45 of 1st period - Zack Smith wins face-off versus Patrice Bergeron in neutral zone.
17:51 of 1st period - Shot by Nathan Horton.
17:51 of 1st period - Stopped by Michael Hutchinson without a rebound.
17:52 of 1st period - Lars Eller wins face-off versus David Krejci in Bruins zone.
17:58 of 1st period - Mike Richards is hit by Drew Doughty and loses puck.
18:10 of 1st period - Dwight King is hit by Drew Doughty and loses puck.
18:17 of 1st period - Shot by Dwight King.
18:17 of 1st period - Shot Blocked by Andrew Ladd.
18:19 of 1st period - Shot by Douglas Murray.
18:19 of 1st period - Shot Misses the Net.
18:21 of 1st period - Shot by Douglas Murray.
18:21 of 1st period - Stopped by Michael Hutchinson without a rebound.
18:22 of 1st period - Patrice Bergeron wins face-off versus Martin Hanzal in Bruins zone.
18:31 of 1st period - Shot by Torey Krug.
18:31 of 1st period - Shot Blocked by Chris Stewart.
18:45 of 1st period - Off-side.
18:46 of 1st period - David Krejci wins face-off versus Zack Smith in neutral zone.
19:20 of 1st period - Shot by Zack Smith.
19:20 of 1st period - Deflect By Nathan Horton.
19:20 of 1st period - Shot Misses the Net.
19:22 of 1st period - Shot by Kevin Bieksa.
19:22 of 1st period - Shot Hit the Post.
19:24 of 1st period - Shot by Zack Smith.
19:24 of 1st period - Shot Misses the Net.
19:26 of 1st period - Shot by Kevin Bieksa.
19:26 of 1st period - Stopped by Michael Hutchinson without a rebound.
19:27 of 1st period - Patrice Bergeron wins face-off versus Martin Hanzal in Bruins zone.
19:27 of 1st period - John Carlson is hit by Martin Hanzal.
19:33 of 1st period - Icing by Alex Galchenyuk.
19:34 of 1st period - Martin Hanzal wins face-off versus Jakub Voracek in BlackHawks zone.
19:34 of 1st period - Minor Penalty to Jakub Voracek for Interference.
19:35 of 1st period - Martin Hanzal wins face-off versus Patrice Bergeron in Bruins zone.
19:35 of 1st period - Dion Phaneuf is hit by Drew Doughty and loses puck.
19:46 of 1st period - Shot by Martin Hanzal.
19:46 of 1st period - Stopped by Michael Hutchinson without a rebound.
19:47 of 1st period - Patrice Bergeron wins face-off versus Lars Eller in Bruins zone.
Goals for this period are 0 for Bruins vs 1 for BlackHawks.
Shots for this period are 2 for Bruins vs 16 for BlackHawks.

2nd period


0:01 of 2nd period - Patrice Bergeron wins face-off versus Martin Hanzal in neutral zone.
0:14 of 2nd period - Shot by Kevin Bieksa.
0:14 of 2nd period - Stopped by Michael Hutchinson without a rebound.
0:15 of 2nd period - Patrice Bergeron wins face-off versus Lars Eller in Bruins zone.
0:21 of 2nd period - Icing by Luke Schenn.
0:22 of 2nd period - Lars Eller wins face-off versus Patrice Bergeron in BlackHawks zone.
0:41 of 2nd period - Icing by Mike Richards.
0:42 of 2nd period - Lars Eller wins face-off versus Patrice Bergeron in BlackHawks zone.
0:44 of 2nd period - Icing by Mike Richards.
0:45 of 2nd period - Lars Eller wins face-off versus Patrice Bergeron in BlackHawks zone.
1:12 of 2nd period - Shot by Luke Schenn.
1:12 of 2nd period - Shot Misses the Net.
1:42 of 2nd period - Minor Penalty to Tyler Myers for Tripping.
1:43 of 2nd period - Patrice Bergeron wins face-off versus Martin Hanzal in Bruins zone.
2:06 of 2nd period - Shot by Kevin Bieksa.
2:06 of 2nd period - Stopped by Michael Hutchinson without a rebound.
2:07 of 2nd period - Martin Hanzal wins face-off versus Patrice Bergeron in Bruins zone.
2:30 of 2nd period - Shot by Kevin Bieksa.
2:30 of 2nd period - Stopped by Michael Hutchinson without a rebound.
2:31 of 2nd period - Carl Soderberg wins face-off versus Mike Richards in Bruins zone.
2:49 of 2nd period - Shot by Lars Eller.
2:49 of 2nd period - Deflect By Mike Richards.
2:49 of 2nd period - Stopped by Michael Hutchinson without a rebound.
2:50 of 2nd period - Patrice Bergeron wins face-off versus Chris Stewart in Bruins zone.
2:50 of 2nd period - Patrice Bergeron is hit by Martin Hanzal.
3:15 of 2nd period - Shot by Dion Phaneuf.
3:15 of 2nd period - Stopped by Michael Hutchinson without a rebound.
3:16 of 2nd period - Lars Eller wins face-off versus Carl Soderberg in Bruins zone.
3:19 of 2nd period - Shot by Luke Schenn.
3:19 of 2nd period - Stopped by Michael Hutchinson without a rebound.
3:20 of 2nd period - Lars Eller wins face-off versus Patrice Bergeron in Bruins zone.
3:21 of 2nd period - Shot by Mike Richards.
3:21 of 2nd period - Shot Misses the Net.
3:51 of 2nd period - Shot by Dion Phaneuf.
3:51 of 2nd period - Stopped by Michael Hutchinson without a rebound.
3:52 of 2nd period - Martin Hanzal wins face-off versus Patrice Bergeron in Bruins zone.
3:52 of 2nd period - Alex Galchenyuk is hit by Drew Doughty.
4:01 of 2nd period - Minor Penalty to Carl Soderberg for Slashing.
4:02 of 2nd period - Patrice Bergeron wins face-off versus Lars Eller in Bruins zone.
4:29 of 2nd period - Dion Phaneuf is hit by Zach Parise and loses puck.
4:35 of 2nd period - Off-side.
4:36 of 2nd period - Martin Hanzal wins face-off versus David Krejci in neutral zone.
4:48 of 2nd period - Drew Doughty is hit by Martin Hanzal and loses puck.
5:30 of 2nd period - Icing by Kevin Bieksa.
5:31 of 2nd period - Lars Eller wins face-off versus Patrice Bergeron in BlackHawks zone.
6:02 of 2nd period - Shot by Brandon Bollig.
6:02 of 2nd period - Stopped by Michael Hutchinson without a rebound.
6:03 of 2nd period - Trevor Lewis wins face-off versus Carl Soderberg in Bruins zone.
6:17 of 2nd period - Ryan Strome is hit by Jarred Tinordi and loses puck.
6:33 of 2nd period - Brad Marchand is hit by Dion Phaneuf and loses puck.
6:38 of 2nd period - Shot by Torey Krug.
6:38 of 2nd period - Shot Misses the Net.
6:45 of 2nd period - Minor Penalty to Dion Phaneuf for Elbowing.
6:46 of 2nd period - Trevor Lewis wins face-off versus Ryan Strome in BlackHawks zone.
7:48 of 2nd period - Shot by John Carlson.
7:48 of 2nd period - Stopped by Eddie Lack without a rebound.
7:49 of 2nd period - Trevor Lewis wins face-off versus Brad Marchand in BlackHawks zone.
8:14 of 2nd period - Shot by Torey Krug.
8:14 of 2nd period - Stopped by Eddie Lack without a rebound.
8:15 of 2nd period - Mike Richards wins face-off versus Ryan Strome in BlackHawks zone.
8:40 of 2nd period - Shot by Dougie Hamilton.
8:40 of 2nd period - Stopped by Eddie Lack with a rebound.
8:54 of 2nd period - Shot by Ryan Spooner.
8:54 of 2nd period - Goal by Ryan Spooner - Bruins : 1 - BlackHawks : 1.
8:55 of 2nd period - Ryan Spooner wins face-off versus Martin Hanzal in neutral zone.
9:14 of 2nd period - Shot by Martin Hanzal.
9:14 of 2nd period - Stopped by Michael Hutchinson with a rebound.
9:16 of 2nd period - Shot by Jarred Tinordi.
9:16 of 2nd period - Stopped by Michael Hutchinson without a rebound.
9:17 of 2nd period - Lars Eller wins face-off versus Patrice Bergeron in Bruins zone.
10:40 of 2nd period - Shot by Martin Hanzal.
10:40 of 2nd period - Shot Misses the Net.
10:42 of 2nd period - Shot by Luke Schenn.
10:42 of 2nd period - Goal by Luke Schenn - Bruins : 1 - BlackHawks : 2.
10:43 of 2nd period - Zack Smith wins face-off versus Ryan Spooner in neutral zone.
11:04 of 2nd period - Shot by Nathan Horton.
11:04 of 2nd period - Shot Blocked by Torey Krug.
11:06 of 2nd period - Shot by Jarred Tinordi.
11:06 of 2nd period - Deflect By Nathan Horton.
11:06 of 2nd period - Shot Blocked by Matt Bartkowski.
11:33 of 2nd period - Icing by Dion Phaneuf.
11:34 of 2nd period - Zack Smith wins face-off versus Patrice Bergeron in BlackHawks zone.
11:42 of 2nd period - Shot by Dougie Hamilton.
11:42 of 2nd period - Stopped by Eddie Lack with a rebound.
11:44 of 2nd period - Shot by Drew Doughty.
11:44 of 2nd period - Shot Misses the Net.
11:54 of 2nd period - Shot by Jakub Voracek.
11:54 of 2nd period - Stopped by Eddie Lack without a rebound.
11:55 of 2nd period - Martin Hanzal wins face-off versus David Krejci in BlackHawks zone.
14:01 of 2nd period - Shot by Trevor Lewis.
14:01 of 2nd period - Stopped by Michael Hutchinson without a rebound.
14:02 of 2nd period - Zack Smith wins face-off versus Ryan Spooner in Bruins zone.
14:38 of 2nd period - Shot by Torey Krug.
14:38 of 2nd period - Shot Misses the Net.
15:13 of 2nd period - Martin Hanzal is hit by Drew Doughty and loses puck.
16:06 of 2nd period - Andrew Ladd is hit by Alex Galchenyuk and loses puck.
17:11 of 2nd period - Trevor Lewis is hit by Patrice Bergeron and loses puck.
17:38 of 2nd period - Icing by Dougie Hamilton.
17:39 of 2nd period - Patrice Bergeron wins face-off versus Zack Smith in Bruins zone.
18:49 of 2nd period - Icing by David Krejci.
18:50 of 2nd period - Andrew Ladd wins face-off versus Martin Hanzal in Bruins zone.
18:52 of 2nd period - Icing by David Krejci.
18:53 of 2nd period - Andrew Ladd wins face-off versus Martin Hanzal in Bruins zone.
18:53 of 2nd period - Andrew Ladd is hit by Martin Hanzal.
19:18 of 2nd period - Shot by Martin Hanzal.
19:18 of 2nd period - Shot Misses the Net.
Goals for this period are 1 for Bruins vs 1 for BlackHawks.
Shots for this period are 6 for Bruins vs 12 for BlackHawks.

3rd period


0:01 of 3rd period - Lars Eller wins face-off versus Patrice Bergeron in neutral zone.
0:22 of 3rd period - Shot by Patrice Bergeron.
0:22 of 3rd period - Stopped by Eddie Lack with a rebound.
0:24 of 3rd period - Shot by Drew Doughty.
0:24 of 3rd period - Shot Blocked by Dion Phaneuf.
0:26 of 3rd period - Shot by Carl Soderberg.
0:26 of 3rd period - Goal by Carl Soderberg - Bruins : 2 - BlackHawks : 2.
0:27 of 3rd period - Martin Hanzal wins face-off versus Andrew Ladd in neutral zone.
0:44 of 3rd period - Shot by Martin Hanzal.
0:44 of 3rd period - Shot Misses the Net.
0:48 of 3rd period - Shot by Martin Hanzal.
0:48 of 3rd period - Shot Blocked by Tyler Myers.
0:56 of 3rd period - Shot by Martin Hanzal.
0:56 of 3rd period - Shot Blocked by Tyler Myers.
1:06 of 3rd period - Shot by David Krejci.
1:06 of 3rd period - Shot Blocked by Alex Galchenyuk.
1:33 of 3rd period - Dion Phaneuf is hit by Dougie Hamilton and loses puck.
1:41 of 3rd period - Minor Penalty to Drew Doughty for Hooking.
1:42 of 3rd period - Patrice Bergeron wins face-off versus Lars Eller in Bruins zone.
2:40 of 3rd period - Dougie Hamilton is hit by Martin Hanzal and loses puck.
2:55 of 3rd period - Shot by Martin Hanzal.
2:55 of 3rd period - Stopped by Michael Hutchinson without a rebound.
2:56 of 3rd period - Patrice Bergeron wins face-off versus Martin Hanzal in Bruins zone.
3:15 of 3rd period - Shot by Alex Galchenyuk.
3:15 of 3rd period - Shot Misses the Net.
3:17 of 3rd period - Shot by Douglas Murray.
3:17 of 3rd period - Stopped by Michael Hutchinson without a rebound.
3:18 of 3rd period - Lars Eller wins face-off versus Patrice Bergeron in Bruins zone.
3:43 of 3rd period - Shot by Brandon Bollig.
3:43 of 3rd period - Shot Misses the Net.
3:45 of 3rd period - Shot by David Clarkson.
3:45 of 3rd period - Shot Misses the Net.
3:47 of 3rd period - Shot by Patrick Bordeleau.
3:47 of 3rd period - Shot Blocked by Ryan Spooner.
3:49 of 3rd period - Shot by Trevor Lewis.
3:49 of 3rd period - Stopped by Michael Hutchinson with a rebound.
3:51 of 3rd period - Shot by Deryk Engelland.
3:51 of 3rd period - Deflect By Trevor Lewis.
3:51 of 3rd period - Shot Misses the Net.
3:58 of 3rd period - Icing by Dougie Hamilton.
3:59 of 3rd period - Ryan Spooner wins face-off versus Martin Hanzal in Bruins zone.
3:59 of 3rd period - Ryan Spooner is hit by Chris Stewart.
4:07 of 3rd period - Matt Moulson is hit by Martin Hanzal and loses puck.
4:15 of 3rd period - Alex Galchenyuk is hit by Drew Doughty and loses puck.
4:20 of 3rd period - Shot by Alex Galchenyuk.
4:20 of 3rd period - Shot Blocked by Dougie Hamilton.
4:22 of 3rd period - Shot by Martin Hanzal.
4:22 of 3rd period - Shot Blocked by Matt Moulson.
4:39 of 3rd period - Alex Galchenyuk is hit by Drew Doughty and loses puck.
5:00 of 3rd period - Trevor Lewis is hit by Drew Doughty and loses puck.
5:23 of 3rd period - Shot by Patrick Bordeleau.
5:23 of 3rd period - Stopped by Michael Hutchinson without a rebound.
5:24 of 3rd period - Patrice Bergeron wins face-off versus Lars Eller in Bruins zone.
5:26 of 3rd period - Jakub Voracek is hit by Lars Eller and loses puck.
5:34 of 3rd period - Jakub Voracek is hit by Douglas Murray.
5:35 of 3rd period - Minor Penalty to Deryk Engelland for Roughing.
5:36 of 3rd period - Trevor Lewis wins face-off versus Ryan Strome in BlackHawks zone.
5:36 of 3rd period - Trevor Lewis is hit by Andrew Ladd.
5:45 of 3rd period - Off-side.
5:46 of 3rd period - Ryan Strome wins face-off versus Trevor Lewis in neutral zone.
6:04 of 3rd period - Shot by John Carlson.
6:04 of 3rd period - Shot Misses the Net.
6:16 of 3rd period - Shot by Torey Krug.
6:16 of 3rd period - Shot Misses the Net.
6:18 of 3rd period - Shot by Torey Krug.
6:18 of 3rd period - Shot Misses the Net.
6:20 of 3rd period - Shot by Andrew Ladd.
6:20 of 3rd period - Shot Misses the Net.
6:38 of 3rd period - Icing by Torey Krug.
6:39 of 3rd period - Trevor Lewis wins face-off versus Ryan Strome in Bruins zone.
6:39 of 3rd period - Trevor Lewis is hit by Torey Krug.
7:21 of 3rd period - Dion Phaneuf is hit by Brad Marchand and loses puck.
8:00 of 3rd period - Ryan Spooner is hit by Martin Hanzal and loses puck.
8:47 of 3rd period - David Krejci is hit by Kevin Bieksa and loses puck.
9:38 of 3rd period - Shot by David Clarkson.
9:38 of 3rd period - Shot Misses the Net.
9:40 of 3rd period - Shot by Luke Schenn.
9:40 of 3rd period - Shot Misses the Net.
9:56 of 3rd period - Shot by Carl Soderberg.
9:56 of 3rd period - Shot Misses the Net.
10:10 of 3rd period - Shot by Nathan Horton.
10:10 of 3rd period - Shot Hit the Post.
10:12 of 3rd period - Shot by Brandon Bollig.
10:12 of 3rd period - Shot Misses the Net.
10:14 of 3rd period - Shot by Deryk Engelland.
10:14 of 3rd period - Stopped by Michael Hutchinson with a rebound.
10:40 of 3rd period - Shot by Nathan Horton.
10:40 of 3rd period - Shot Misses the Net.
10:42 of 3rd period - Shot by Brandon Bollig.
10:42 of 3rd period - Stopped by Michael Hutchinson without a rebound.
10:43 of 3rd period - Martin Hanzal wins face-off versus Ryan Spooner in Bruins zone.
10:53 of 3rd period - Icing by John Carlson.
10:54 of 3rd period - Lars Eller wins face-off versus Ryan Spooner in Bruins zone.
10:54 of 3rd period - Lars Eller is hit by Tyler Myers.
12:04 of 3rd period - Drew Doughty is hit by Dwight King and loses puck.
12:11 of 3rd period - Kevin Bieksa is hit by Brad Marchand and loses puck.
12:36 of 3rd period - Shot by David Krejci.
12:36 of 3rd period - Deflect By Andrew Ladd.
12:36 of 3rd period - Shot Misses the Net.
12:38 of 3rd period - Shot by Andrew Ladd.
12:38 of 3rd period - Shot Blocked by Kevin Bieksa.
12:56 of 3rd period - Shot by Reilly Smith.
12:56 of 3rd period - Shot Misses the Net.
12:58 of 3rd period - Shot by Matt Bartkowski.
12:58 of 3rd period - Stopped by Eddie Lack without a rebound.
12:59 of 3rd period - Chris Stewart wins face-off versus Ryan Spooner in BlackHawks zone.
13:33 of 3rd period - Shot by Matt Moulson.
13:33 of 3rd period - Stopped by Eddie Lack without a rebound.
13:34 of 3rd period - David Clarkson wins face-off versus Patrice Bergeron in BlackHawks zone.
13:49 of 3rd period - Shot by Jakub Voracek.
13:49 of 3rd period - The goal is going for a video replay.
13:49 of 3rd period - The goal is refused.
13:50 of 3rd period - David Krejci wins face-off versus Zack Smith in BlackHawks zone.
14:32 of 3rd period - Dion Phaneuf is hit by Andrew Ladd and loses puck.
14:52 of 3rd period - Drew Doughty is hit by Douglas Murray and loses puck.
14:59 of 3rd period - Shot by Jakub Voracek.
14:59 of 3rd period - Stopped by Eddie Lack without a rebound.
14:59 of 3rd period - Major / Game Misconduct Penalty to Eddie Lack for Unsportsmanlike conduct.
14:59 of 3rd period - Eddie Lack is ejected from game.
14:59 of 3rd period - Cam Ward enters game.
15:00 of 3rd period - Trevor Lewis wins face-off versus Brad Marchand in BlackHawks zone.
15:09 of 3rd period - Shot by Drew Doughty.
15:09 of 3rd period - Stopped by Cam Ward without a rebound.
15:10 of 3rd period - Trevor Lewis wins face-off versus Ryan Strome in BlackHawks zone.
15:10 of 3rd period - Trevor Lewis is hit by Andrew Ladd.
16:31 of 3rd period - Kevin Bieksa is hit by Brad Marchand and loses puck.
18:11 of 3rd period - Shot by Matt Bartkowski.
18:11 of 3rd period - Shot Misses the Net.
18:50 of 3rd period - Reilly Smith is hit by Kevin Bieksa and loses puck.
19:04 of 3rd period - Icing by Zach Parise.
19:05 of 3rd period - Brad Marchand wins face-off versus Mike Richards in Bruins zone.
Goals for this period are 1 for Bruins vs 0 for BlackHawks.
Shots for this period are 7 for Bruins vs 6 for BlackHawks.

Overtime #1


0:01 of 1st overtime period - Lars Eller wins face-off versus Zach Parise in neutral zone.
1:18 of 1st overtime period - Shot by Chris Stewart.
1:18 of 1st overtime period - Shot Misses the Net.
1:34 of 1st overtime period - Shot by Ryan Strome.
1:34 of 1st overtime period - Shot Misses the Net.
2:08 of 1st overtime period - Shot by Kevin Bieksa.
2:08 of 1st overtime period - Stopped by Michael Hutchinson without a rebound.
2:09 of 1st overtime period - Zach Parise wins face-off versus Chris Stewart in Bruins zone.
2:33 of 1st overtime period - Shot by Zach Parise.
2:33 of 1st overtime period - Shot Misses the Net.
2:35 of 1st overtime period - Shot by Drew Doughty.
2:35 of 1st overtime period - Shot Blocked by Douglas Murray.
2:37 of 1st overtime period - Shot by Zach Parise.
2:37 of 1st overtime period - Shot Misses the Net.
2:39 of 1st overtime period - Shot by Brad Marchand.
2:39 of 1st overtime period - Stopped by Cam Ward without a rebound.
2:40 of 1st overtime period - Lars Eller wins face-off versus Zach Parise in BlackHawks zone.
2:40 of 1st overtime period - Lars Eller is hit by Zach Parise.
2:50 of 1st overtime period - Drew Doughty is hit by Luke Schenn and loses puck.
3:03 of 1st overtime period - Shot by Mike Richards.
3:03 of 1st overtime period - Shot Misses the Net.
3:07 of 1st overtime period - Shot by Lars Eller.
3:07 of 1st overtime period - Shot Blocked by Drew Doughty.
3:18 of 1st overtime period - Drew Doughty is hit by Douglas Murray.
3:36 of 1st overtime period - Shot by Alex Galchenyuk.
3:36 of 1st overtime period - Goal by Alex Galchenyuk - Bruins : 2 - BlackHawks : 3.
Goals for this period are 0 for Bruins vs 1 for BlackHawks.
Shots for this period are 1 for Bruins vs 2 for BlackHawks.


Output by the SimonT Hockey Simulator (STHS) for Stephane Roy -- Original Page W3C XHTML 1.0 Valid
Hockey Simulator - Hockey Simulation - Hockey Manager